 Dungeon Sprint DCSS version 0.21.1-1-g345015f (webtiles) character file.

3724 Fang the Fighter (level 9, -12/144 HPs)
             Began as a Minotaur Berserker on Apr 26, 2018.
             Was the Champion of Trog.
             Mangled by a vault guard
             ... wielding a +2 great sword
              (13 damage)
             ... in the Dungeon (Sprint V: "Ziggurat Sprint").
             The game lasted 00:03:23 (389 turns).

Fang the Fighter (Minotaur Berserker)                Turns: 389, Time: 00:03:23

Health: -12/144    AC: 19    Str: 38    XL:     9   Next: 92%
Magic:  0/8        EV: 14    Int:  4    God:    Trog [******]
Gold:   0          SH:  0    Dex: 14    Spells: 8/8 levels left

rFire    . . .     SeeInvis .   A - +8 autumn katana {slice, Clar}
rCold    . . .     Gourm    .   (no shield)
rNeg     . . .     Faith    .   j - +5 shadow dragon scales
rPois    .         Spirit   +   (helmet restricted)
rElec    .         Reflect  .   (no cloak)
rCorr    .         Harm     .   (no gloves)
MR       .....     Clarity  +   (no boots) Stlth ..........NoTele +
                                a - amulet "Qelang" {Spirit *Slow Str+3 Dex+3}
HPRegen  0.34/turn              G - ring of flight
MPRegen  0.11/turn              F - +6 ring of strength

@: berserking, slowed
A: retaliatory headbutt, horns 2
a: Berserk, Trog's Hand, Brothers in Arms, Burn Spellbooks, Renounce Religion,
Evoke Flight


You were in the Dungeon.
You worshipped Trog.
Trog was exalted by your worship.
You were not hungry.

You visited 1 branch

Inventory:

Hand Weapons
 k - a +4 antimagic executioner's axe
 l - a +5 demon trident of draining
 A - the +8 autumn katana (weapon) {slice, Clar}
   (You found it in the Dungeon)

   It inflicts extra damage upon your enemies.
   It protects you against confusion.
Armour
 j - +5 shadow dragon scales (worn)
Jewellery
 a - the amulet "Qelang" (around neck) {Spirit *Slow Str+3 Dex+3}
   (You found it in the Dungeon)

   [amulet of guardian spirit]

   It causes incoming damage to be split between your health and magic.
   It affects your strength (+3).
   It affects your dexterity (+3).
   It may slow you when you take damage.
 F - a +6 ring of strength (right hand)
 G - a ring of flight (left hand)
Wands
 x - a wand of disintegration (7)
 y - a wand of iceblast (7)
 z - a wand of acid (7)
Scrolls
 i - 4 scrolls of blinking
 m - 7 scrolls of fog
 n - a scroll of holy word
 o - 5 scrolls of identify
 p - 5 scrolls of remove curse
 q - 2 scrolls of fear
 B - 4 scrolls of enchant armour
Potions
 d - 10 potions of curing
 e - 10 potions of heal wounds
 f - 6 potions of haste
 g - 7 potions of magic
 h - 3 potions of berserk rage
 r - 2 potions of brilliance
 s - 2 potions of invisibility
 t - 4 potions of resistance
 u - a potion of experience
 v - 5 potions of agility
 w - 5 potions of might
Miscellaneous
 b - a phial of floods
 C - a box of beasts
 D - a lamp of fire
Comestibles
 c - 6 rations


   Skills:
 + Level 14.8 Fighting
 + Level 4.9 Long Blades
 + Level 12.7(14.8) Axes
 + Level 13.0(14.9) Polearms
 + Level 10.7 Armour
 + Level 7.7 Dodging
 + Level 1.5 Stealth


You had 8 spell levels left.
You didn't know any spells.

Dungeon Overview and Level Annotations

Branches:
Dungeon (1/1)

Altars:
Ashenzari
Cheibriados
Dithmenos
Elyvilon
Fedhas
Gozag
Hepliaklqana
Kikubaaqudgha
Makhleb
Nemelex Xobeh
Okawaru
Qazlal
Ru
Sif Muna
Trog
Uskayaw
Vehumet
Wu Jian
Xom
Yredelemnul
Zin
The Shining One
Beogh
Jiyva
Lugonu

Annotations:
D 1 transporter


Innate Abilities, Weirdness & Mutations

You reflexively headbutt those who attack you in melee.
You have a pair of horns on your head.


Message History

You feel a bit more experienced.
The vault guard hits you with a great sword!
* * * LOW HITPOINT WARNING * * *
The vault guard misses you.
The vault guard hits you but does no damage.
You slice the ironbrand convoker!! You headbutt the ironbrand convoker!
The ironbrand convoker is almost dead.
The ironbrand convoker hits you with the +8 Wrath of Trog {antimagic, *Rage}!
* * * LOW HITPOINT WARNING * * *
You feel your power leaking away.
The vault guard hits you with a great sword.
* * * LOW HITPOINT WARNING * * *
The vault guard hits you with a great sword of electrocution!
* * * LOW HITPOINT WARNING * * *
You are electrocuted!
* * * LOW HITPOINT WARNING * * *
The vault guard hits you with a great sword.
* * * LOW HITPOINT WARNING * * *
The vault guard hits you with an enchanted great sword!
You die...

▓...©....▓...©....▓
▓▓▓▓▓▓▓▓▓▓▓▓▓▓▓▓▓▓▓
▓...8©8...▓..8©8..▓
▓..)=[[...▓.......▓
▓...|.....▓...))..▓
▓.........▓.......▓
▓.........▓.......▓
▓..ppp....▓.......▓
▓..p@p....▓....†..▓
▓.▓.....▓.▓.▓.)†▓.▓
▓....©....▓...©...▓
▓▓▓▓▓▓▓▓▓▓▓▓▓▓▓▓▓▓▓
▓..8©8..▓ ▓..))|..▓
▓..})...▓ ▓.......▓
▓.......▓


You could see 4 vault guards and an ironbrand convoker.

Vanquished Creatures
  A vault guard (D)
  A shadow wraith (D)
  A wolf spider (D)
  A rime drake (D)
  An ice devil (D)
  2 jumping spiders (D)
  2 redbacks (D)
  A tarantella (D)
  A small abomination (D)
  2 water moccasins (D)
  2 scorpions (D)
  2 crimson imps (D)
  3 quasits (D)
  2 iron imps (D)
  An adder (D)
  2 shadow imps (D)
  4 white imps (D)
  An ufetubus (D)
  An adder zombie (D)
  A bat simulacrum (D)
32 creatures vanquished.

Notes
Turn   | Place    | Note
-------+----------+-------------------------------------------
     0 | D        | Found the +6 Majin-Bo {vamp, Archmagi MP+6 Int+6}
     0 | D        | Found the +7 great mace "Firestarter" {inner flame, rF++}
     0 | D        | Fang the Minotaur Berserker began the quest for the Orb.
     0 | D        | Reached XP level 1. HP: 19/19 MP: 0/0
     3 | D        | Found a blossoming altar of Fedhas.
     4 | D        | Found a viscous altar of Jiyva.
     4 | D        | Found a hazy altar of Hepliaklqana.
     4 | D        | Found a transporter.
     4 | D        | Found an opulent altar of Gozag.
     4 | D        | Found an ancient bone altar of Kikubaaqudgha.
     4 | D        | Found a corrupted altar of Lugonu.
    10 | D        | Found a burning altar of Makhleb.
    12 | D        | Found a sacrificial altar of Ru.
    12 | D        | Found a stormy altar of Qazlal.
    12 | D        | Found a deep blue altar of Sif Muna.
    12 | D        | Found an iron altar of Okawaru.
    12 | D        | Found a bloodstained altar of Trog.
    12 | D        | Found a sparkling altar of Nemelex Xobeh.
    73 | D        | Entered arena 2.
    73 | D        | Noticed a scorpion
    73 | D        | Noticed a scorpion
    73 | D        | Found a transporter.
    77 | D        | Killed a scorpion
    77 | D        | Reached skill level 6 in Fighting
    77 | D        | Reached XP level 2. HP: 31/31 MP: 1/1
    77 | D        | Reached XP level 3. HP: 38/38 MP: 2/2
    80 | D        | Killed a scorpion
    80 | D        | Reached skill level 7 in Fighting
    80 | D        | Reached skill level 1 in Polearms
    80 | D        | Reached XP level 4. HP: 47/47 MP: 3/3
   112 | D        | Entered arena 3.
   112 | D        | Noticed a water moccasin
   112 | D        | Noticed a water moccasin
   112 | D        | Found a transporter.
   114 | D        | Killed a water moccasin
   114 | D        | Reached ** piety under Trog
   114 | D        | Reached skill level 9 in Fighting
   114 | D        | Reached skill level 5 in Armour
   114 | D        | Reached XP level 5. HP: 57/57 MP: 4/4
   116 | D        | Killed a water moccasin
   116 | D        | Reached skill level 10 in Fighting
   116 | D        | Reached skill level 10 in Axes
   116 | D        | Reached skill level 5 in Dodging
   116 | D        | Reached XP level 6. HP: 66/66 MP: 5/5
   123 | D        | Got the amulet "Qelang" {Spirit *Slow Str+3 Dex+3}
   165 | D        | Entered arena 4.
   165 | D        | Found a transporter.
   170 | D        | Reached *** piety under Trog
   171 | D        | Reached skill level 11 in Fighting
   182 | D        | Entered arena 5.
   182 | D        | Found a transporter.
   187 | D        | Reached **** piety under Trog
   197 | D        | Reached ***** piety under Trog
   203 | D        | Entered arena 6.
   203 | D        | Noticed a small abomination
   203 | D        | Found a transporter.
   207 | D        | Killed a small abomination
   207 | D        | Reached XP level 7. HP: 75/75 MP: 6/6
   208 | D        | Received a gift from Trog
   209 | D        | Reached skill level 12 in Fighting
   209 | D        | Reached skill level 5 in Polearms
   252 | D        | Entered arena 7.
   252 | D        | Noticed a redback
   252 | D        | Noticed a jumping spider
   252 | D        | Noticed a wolf spider
   252 | D        | Noticed a tarantella
   252 | D        | Noticed a redback
   252 | D        | Noticed a jumping spider
   253 | D        | Found the +8 autumn katana {slice, Clar}
   254 | D        | Found a transporter.
   256 | D        | Killed a redback
   257 | D        | Killed a redback
   257 | D        | Reached XP level 8. HP: 85/85 MP: 4/7
   261 | D        | Received a gift from Trog
   262 | D        | Killed a wolf spider
   262 | D        | Reached skill level 13 in Fighting
   263 | D        | Killed a jumping spider
   266 | D        | Killed a jumping spider
   266 | D        | Reached skill level 10 in Polearms
   266 | D        | Reached XP level 9. HP: 94/94 MP: 3/8
   313 | D        | Entered arena 8.
   313 | D        | Noticed a rime drake
   313 | D        | Noticed an ice devil
   314 | D        | Found a transporter.
   320 | D        | Reached ****** piety under Trog
   321 | D        | Killed a rime drake
   321 | D        | Reached skill level 14 in Fighting
   321 | D        | Reached skill level 1 in Long Blades
   323 | D        | Killed an ice devil
   323 | D        | Reached skill level 1 in Stealth
   378 | D        | Entered arena 9.
   378 | D        | Noticed an ironbrand convoker
   378 | D        | Noticed a vault guard
   378 | D        | Noticed a vault guard
   378 | D        | Noticed a vault guard
   378 | D        | Noticed a vault guard
   378 | D        | Noticed a vault guard
   379 | D        | Found a transporter.
   384 | D        | Killed a vault guard
   384 | D        | Reached skill level 10 in Armour
   388 | D        | Killed a shadow wraith
   388 | D        | Received a gift from Trog
   389 | D        | HP: 3/144 [vault guard/great sword of electrocution (15)]
   389 | D        | HP: 1/144 [vault guard/great sword (2)]
   389 | D        | Mangled by a vault guard

Skill      XL: |  1  2  3  4  5  6  7  8  9 |
---------------+----------------------------+-----
Fighting       | 6 7 9 10 11 12 13 14 | 14.8
Axes           | 6 7 9 10 11 12 | 12.7
Armour         | 3 4 5 6 7 8 10 | 10.7
Dodging        | 3 4 5 6 7 |  7.7
Polearms       | 1 4 6 10 13 | 13.0
Long Blades    | 4 |  4.9
Stealth        | 1 |  1.5

Action                   |  1- 3 |  4- 6 |  7- 9 || total
-------------------------+-------+-------+-------++-------
Melee: Demon trident     |     6 |    21 |    17 ||    44
       Headbutt          |     1 |     6 |     8 ||    15
       Katana            |       |       |    15 ||    15
Invok: Berserk           |     1 |     2 |     2 ||     5
       Burn Spellbooks   |       |     1 |     1 ||     2
  Use: Scroll            |       |     1 |       ||     1
  Eat: Ration            |       |       |     1 ||     1
Armor: Shadow dragon sca |     2 |    17 |    26 ||    45
Dodge: Dodged            |     2 |    14 |    20 ||    36
       Rpst.: Katana     |       |       |     3 ||     3
